 Dungeon Crawl Stone Soup version 0.17-a0-1411-g06ff558 (webtiles) character file.

159 Frelus the Firebug (level 5, -1/28 HPs)
             Began as a Deep Elf Fire Elementalist on June 23, 2015.
             Slain by an adder (4 damage)
             ... on level 3 of the Dungeon.
             The game lasted 00:04:43 (3133 turns).

Frelus the Firebug (Deep Elf Fire Elementalist)     Turns: 3133, Time: 00:04:43

Health: -1/28      AC:  2    Str:  6    XL:     5   Next: 17%
Magic:  2/11       EV: 13    Int: 20    God:
Gold:   120        SH:  0    Dex: 15    Spells: 3 memorised, 2 levels left

rFire  + . .     SeeInvis .     l - +0 club
rCold  + . .     Clarity  .     a - +0 robe
rNeg   . . .     SustAt   .     (no shield)
rPois  +         Gourm    .     (no helmet)
rElec  +         Spirit   .     (no cloak)
rCorr  +         Warding  .     (no gloves)
rMut   .         Rnd*Tele +     (no boots)
MR     .....                    (no amulet)
Stlth  ++........               (no ring)
                                j - ring of teleportation (curse)

@: lethally poisoned (-1 -> -4), resistant, not resistant to hostile
enchantments, unstealthy
A: no striking features
a: Evoke Teleportation


You were on level 3 of the Dungeon.
You were hungry.

You visited 1 branch of the dungeon, and saw 3 of its levels.

You collected 120 gold pieces.

Inventory:

Hand weapons
 l - a +0 club (weapon)
Armour
 a - a +0 robe (worn)
Jewellery
 j - a cursed ring of teleportation (left hand)
Scrolls
 d - 2 scrolls of recharging {unknown}
 e - 3 scrolls of identify {unknown}
 f - a scroll of teleportation {unknown}
 g - a scroll of enchant armour {unknown}
 i - a scroll of magic mapping {unknown}
Potions
 k - a potion of resistance
 m - a potion of lignification {unknown}
 n - a potion of curing {unknown}
 o - a potion of ambrosia {unknown}
 p - a potion of mutation {unknown}
 q - a potion of brilliance {unknown}
Books
 b - a book of Flames

   Spells                             Type                      Level
   a - Flame Tongue                   Conjuration/Fire             1
   b - Throw Flame                    Conjuration/Fire             2
   c - Conjure Flame                  Conjuration/Fire             3
   d - Inner Flame                    Hexes/Fire                   3
   e - Sticky Flame                   Conjuration/Fire             4
   f - Fireball                       Conjuration/Fire             5
 r - a book of Changes

   Spells                             Type                      Level
   a - Beastly Appendage              Transmutation                1
   b - Sticks to Snakes               Transmutation                2
   c - Spider Form                    Transmutation/Poison         3
   d - Ice Form                       Ice/Transmutation            4
   e - Blade Hands                    Transmutation                5
Comestibles
 c - 2 bread rations
 h - a beef jerky
 s - a slice of pizza


   Skills:
 - Level 2.4 Dodging
 - Level 2.4 Stealth
 - Level 3.0 Spellcasting
 + Level 4.1 Conjurations
 + Level 5.0 Fire Magic


You had 2 spell levels left.
You knew the following spells:

 Your Spells              Type           Power        Failure   Level  Hunger
a - Flame Tongue          Conj/Fire      ###..        2%          1    None
b - Conjure Flame         Conj/Fire      ###.....     10%         3    ###....
c - Sticky Flame          Conj/Fire      ###.....     24%         4    ####...


Dungeon Overview and Level Annotations

Branches:
Dungeon (3/15)

Altars:

Annotations:
D:3 Frelus's ghost, average MiBe


Message History

The adder closely misses you.
Casting: Flame Tongue
Confirm with . or Enter, or press ? or * to list all spells.
Aiming: Sticky Flame
Press: ? - help, Shift-Dir - straight line, f/p - adder
Aim: an adder (severely wounded)
The sticky flame hits the adder.
You kill the adder!
Your Fire Magic skill increases to level 5!
* * * LOW HITPOINT WARNING * * *
You feel sick.
Casting: Sticky Flame
Confirm with . or Enter, or press ? or * to list all spells.
You don't have enough magic to cast that spell.
Unknown command.
Drink which item? (? for menu, Esc to quit)
It was a potion of resistance.
You feel protected. The adder bites you.
You die...

###
#.################
#####
#.....#...).......
.....
#@###.#.#########.
##### # #S# #.#(#
#. ## #.#)#
#.#.### #. .#
#.#.###.#...# #.
.# #..W..#.###.#
#< .# ###.#.#.#
#.# ## ## #.#.#.#
#.# # #.#.#.# #.#
# #.#.#.# #.#


You could see Frelus's ghost and an adder.

Vanquished Creatures
  8 adders
  2 gnolls (D:3)
  An ooze (D:2)
  A worm (D:2)
  3 giant geckos
  An orc (D:3)
  9 bats
  3 giant cockroaches
  10 goblins
  3 hobgoblins
  7 kobolds
  A quokka (D:3)
  A ball python (D:2)
  3 giant newts
  12 rats
65 creatures vanquished.

Notes
Turn   | Place    | Note
--------------------------------------------------------------
     0 | D:1      | Frelus the Deep Elf Fire Elementalist began the quest for the Orb.
     0 | D:1      | Reached XP level 1. HP: 10/10 MP: 6/6
   341 | D:1      | Reached XP level 2. HP: 13/15 MP: 4/8
   986 | D:1      | Reached XP level 3. HP: 13/19 MP: 3/9
  1366 | D:2      | Reached skill level 4 in Fire Magic
  1405 | D:2      | Reached XP level 4. HP: 24/24 MP: 2/10
  1664 | D:2      | Learned a level 3 spell: Conjure Flame
  1669 | D:2      | Learned a level 4 spell: Sticky Flame
  2800 | D:3      | Reached XP level 5. HP: 15/28 MP: 1/11
  3082 | D:3      | Noticed Frelus's ghost (average MiBe)
  3132 | D:3      | Reached skill level 5 in Fire Magic
  3133 | D:3      | Slain by an adder

Vault maps used:
D:1:      mrwooster_arrival_statue_2
D:2:      first_bread
D:3:      kennysheep_six_static_rooms, minmay_misc_feat_plants, uniq_robin

Action                   |  1- 3 |  4- 6 || total
-------------------------+-------+-------++-------
Melee: Unarmed           |    15 |       ||    15
       Club              |    34 |    58 ||    92
 Cast: Flame Tongue      |    43 |    35 ||    78
       Conjure Flame     |       |     2 ||     2
       Sticky Flame      |       |     3 ||     3
  Use: Potion            |       |     1 ||     1
 Stab: Sleeping          |     1 |    10 ||    11
  Eat: Chunk             |     1 |     6 ||     7
